 Dungeon Crawl Stone Soup version 0.28.0-53-g5a82cb258f (webtiles) character file.

Game seed: 4120588848977395399

656 Atelerd the Sneak (level 7, -8/41 HPs)
             Began as an Octopode Earth Elementalist on June 12, 2022.
             Mangled by an ogre
             ... wielding a +0 giant club
              (17 damage)
             ... on level 4 of the Dungeon.
             The game lasted 00:07:29 (5649 turns).

Atelerd the Sneak (Octopode Earth Elementalist)     Turns: 5649, Time: 00:07:30

Health: -8/41      AC:  1    Str:  7    XL:     7   Next: 55%
Magic:  5/13       EV: 13    Int: 20    God:
Gold:   217        SH:  0    Dex: 17    Spells: 4/14 levels left

rFire   . . .      SeeInvis .   b - +7 whip "Juarah" {freeze, Dex+5}
rCold   . . .      Faith    .   (no shield)
rNeg    . . .      Spirit   .   (helmet restricted)
rPois   .          Reflect  .   (no amulet)
rElec   .          Harm     .   (no ring)
rCorr   .          Rampage  .   (no ring)
Will    .....                   (no ring)
Stlth   ++++......              (no ring)
HPRegen 0.13/turn               (no ring)
MPRegen 0.13/turn               (no ring)
                                (no ring)
                                (no ring)

@: no status effects
A: almost no armour, amphibious, 8 rings, camouflage 1, gelatinous body 1,
(nimble swimmer 1), tentacles
a: no special abilities


You were on level 4 of the Dungeon.
You visited 1 branch of the dungeon, and saw 4 of its levels.

You collected 256 gold pieces.
You spent 39 gold pieces at shops.

Inventory:

Hand Weapons
 a - a +0 dagger
 b - the +7 whip "Juarah" (weapon) {freeze, Dex+5}
   (You found it on level 4 of the Dungeon)

   It freezes those it strikes, dealing additional cold damage.
   It can also slow down cold-blooded creatures.
   Dex:       It affects your dexterity (+5).
 e - a +0 dagger of protection
Missiles
 l - 33 stones
Jewellery
 i - an amulet of faith
Wands
 d - a wand of flame (5)
Scrolls
 c - a scroll of noise {unknown}
 f - 3 scrolls of identify {unknown}
 g - 3 scrolls of amnesia {unknown}
 j - a scroll of brand weapon {unknown}
 q - a scroll of fear {unknown}
Potions
 h - a potion of lignification {unknown}
 k - a potion of might {unknown}
 m - a potion of flight {unknown}
 n - 2 potions of mutation {unknown}
 o - a potion of curing
 p - a potion of degeneration {unknown}


   Skills:
 - Level 2.0 Dodging
 + Level 5.9 Stealth
 + Level 4.2 Spellcasting
 + Level 3.9 Transmutations
 - Level 5.0 Earth Magic


You had 4 spell levels left.
You knew the following spells:

 Your Spells              Type           Power      Damage    Failure   Level
a - Sandblast             Erth           48%        2d12      1%          1
b - Blink                 Tloc           8%         N/A       19%         2
p - Petrify               Tmut/Erth      22%        N/A       21%         4
r - Stone Arrow           Conj/Erth      28%        3d8       14%         3

Your spell library contained the following spells:

 Spells                   Type           Power      Damage    Failure   Level
 Beastly Appendage        Tmut           38%        N/A       2%          1
 Passwall                 Tmut/Erth      18%        N/A       3%          2
 Wereblood                Tmut           19%        N/A       3%          2
 Spider Form              Tmut/Pois      12%        N/A       17%         3
 Ensorcelled Hibernation  Hex/Ice        8%         N/A       19%         2
 Lesser Beckoning         Tloc           4%         N/A       36%         3
 Anguish                  Hex/Necr       2%         N/A       77%         4
 Manifold Assault         Tloc           4%         N/A       98%         5


Dungeon Overview and Level Annotations

Branches:
Dungeon (4/15)             Temple (0/1) D:4

Altars:
Elyvilon

Shops:
D:4 [((*!


Innate Abilities, Weirdness & Mutations

You cannot wear most types of armour.
You are amphibious.
You can wear up to eight rings at the same time.
Your skin changes colour to match your surroundings (Stealth+).
Your rubbery body absorbs attacks. (AC +1, EV +1)
((You are camouflaged when in or above water. (Stealth+)))
You have tentacles for arms and can constrict up to eight enemies at once.


Message History

Aim: a scorpion (68% to hit)
The stone arrow misses the scorpion.
Unknown command.
Casting: Stone Arrow (dangerous; 14% risk of failure)
Confirm with . or Enter, or press ? or * to list all spells.
Aiming: Stone Arrow (dangerous; 14% risk of failure)
Press: ? - help, Shift-Dir - straight line, f/p - scorpion
Aim: a scorpion (68% to hit)
The stone arrow hits the scorpion.
The scorpion is moderately wounded.
The scorpion stings you.
Unknown command.
You whack the scorpion! You freeze the scorpion. Your grab misses the scorpion.
The scorpion is almost dead.
The scorpion closely misses you.
Unknown command.
You hit the scorpion but do no damage. Your grab misses the scorpion.
The scorpion is almost dead.
The scorpion stings you.
You are poisoned.
The scorpion poisons you! The ogre misses you.
Unknown command.
You hit the scorpion. You freeze the scorpion.
You kill the scorpion!
You feel very sick.
The ogre hits you with a +0 giant club!!
Unknown command.
* * * LOW HITPOINT WARNING * * *
You feel sick.
* * * LOW HITPOINT WARNING * * *
You feel sick.
* * * LOW HITPOINT WARNING * * *
You feel sick.
You feel sick.
You feel sick.
You feel sick.
You feel sick.
You feel sick.
You feel better. The ogre hits you with a +0 giant club!
You die...

...###..###..############
...###..###..##..###....#
................(.#.....#
..................')....#
..................#.....#
#####...##...##...#)...)#
....#...#######...#....[#
>.∩.#........#....#...).#
....#........#..@.#.....#
#####........#..O.##....#
.............#....##....#
.............#....#.....#
.............#....#.....#
........##...##...#.....#
#####...##...##...#######
...##.............##.∩..#
.÷..#...................#


You could see an ogre.

Vanquished Creatures
  An ogre (D:4)
  A black bear (D:4)
  A phantom (D:4)
  A water moccasin zombie (D:4)
  A scorpion (D:4)
  A hound (D:4)
  An orc priest (D:3)
  Crazy Yiuf (D:2)
  An orc wizard (D:3)
  A hound skeleton (D:4)
  3 gnolls
  3 adders
  5 worms
  4 dart slugs
  5 orcs
  8 ball pythons
  9 bats
  11 endoplasms
  2 giant cockroaches
  6 hobgoblins
  4 kobolds
  A quokka (D:1)
  6 frilled lizards
  6 goblins
  5 rats
88 creatures vanquished.

Vanquished Creatures (others)
  A fungus (D:2)
1 creature vanquished.

Grand Total: 89 creatures vanquished

Notes
Turn   | Place    | Note
-------+----------+-------------------------------------------
     0 | D:1      | Atelerd the Octopode Earth Elementalist began the quest for
                  | the Orb.
     0 | D:1      | Reached XP level 1. HP: 11/11 MP: 3/3
   165 | D:1      | Reached XP level 2. HP: 17/17 MP: 3/5
  1255 | D:2      | Reached XP level 3. HP: 21/21 MP: 2/6
  1776 | D:2      | You fall into a shaft and drop 1 floor!
  1834 | D:4      | Found Saf Kui's Weapon Shoppe.
  1896 | D:4      | Found a white marble altar of Elyvilon.
  1919 | D:4      | Found Culy's Antique Weapon Boutique.
  1934 | D:4      | Identified the +7 whip "Juarah" {freeze, Dex+5}
  1939 | D:4      | Reached XP level 4. HP: 8/27 MP: 5/8
  2330 | D:4      | Noticed a phantom
  2403 | D:4      | Found Jaabb's General Store.
  2419 | D:4      | Reached XP level 5. HP: 11/31 MP: 9/9
  2419 | D:4      | Killed a phantom
  2644 | D:4      | Bought a scroll of teleportation for 39 gold pieces
  2678 | D:4      | Noticed a black bear
  2688 | D:4      | Killed a black bear
  2689 | D:4      | Reached XP level 6. HP: 20/36 MP: 9/11
  3154 | D:3      | Learned a level 2 spell: Blink
  3159 | D:3      | Learned a level 4 spell: Petrify
  3163 | D:3      | Learned a level 3 spell: Stone Arrow
  3670 | D:2      | Reached skill level 5 in Stealth
  4148 | D:2      | Found a runed translucent door.
  4149 | D:2      | Noticed Crazy Yiuf
  4160 | D:2      | Killed Crazy Yiuf
  4161 | D:2      | Reached skill level 5 in Earth Magic
  4161 | D:2      | Reached XP level 7. HP: 41/41 MP: 4/12
  4333 | D:3      | HP: 2/41 [gnoll/+0 whip of holy wrath (8)]
  5256 | D:4      | Found Yttamy's Antique Armour Emporium.
  5292 | D:4      | Found a staircase to the Ecumenical Temple.
  5631 | D:4      | Found Atiasetu's Distillery.
  5649 | D:4      | Mangled by an ogre

Illustrated notes

Levels and vault maps discovered:
D:1:      amcnicky_arrival_underground_garden, layout_basic,
          shapermc_ecumenical_altar_petra
D:2:      wad_crossroads, layout_rooms, st_stairs_3, uniq_crazy_yiuf_cottage
D:3:      layout_basic, minmay_misc_feat_roman, kennysheep_generic_room_5
D:4:      layout_gridville, elyvilon_altar_5, minmay_temple_entry_junction,
          serial_shops, shop_coins, shop, nicolae_shop_behind_doors,
          nicolae_take_the_stairs, nicolae_lakefront_shop

Skill      XL: |  1  2  3  4  5  6  7 |
---------------+----------------------+-----
Stealth        | 3 4 5 |  5.9
Earth Magic    | 4 5 |  5.0
Spellcasting   | 3 4 |  4.2
Transmutations | 2 3 |  3.9
Dodging        | |  2.0

Action                   |  1- 3 |  4- 6 |  7- 9 || total
-------------------------+-------+-------+-------++-------
Melee: Dagger            |    37 |       |       ||    37
       Constrict         |     9 |    15 |     6 ||    30
       Tentacles         |     8 |    16 |     5 ||    29
       Whip              |     2 |    86 |    23 ||   111
       Punch             |       |     1 |       ||     1
 Cast: Sandblast         |    38 |     1 |     7 ||    46
       Stone Arrow       |       |     2 |     4 ||     6
       Petrify           |       |     2 |     1 ||     3
  Use: Potion            |       |     4 |     1 ||     5
       Scroll            |       |     1 |       ||     1
 Stab: Sleeping          |     5 |    10 |       ||    15
       Petrified         |       |     4 |       ||     4
       Distracted        |       |     1 |     1 ||     2
Armor: Skin              |     4 |     6 |     1 ||    11
Dodge: Dodged            |    53 |    62 |    14 ||   129
